 Dungeon Sprint DCSS version 0.20.1-1-g8b1a95d (webtiles) character file.

1068 potatolord6000 the Thaumaturge (level 8, -2/41 HPs)
             Began as a Deep Elf Summoner on Aug 29, 2017.
             Was an Elder of Sif Muna.
             Slain by an elephant (11 damage)
             ... in the Dungeon (Sprint VII: "The Pits").
             The game lasted 00:09:59 (954 turns).

potatolord6000 the Thaumaturge (Deep Elf Summoner)   Turns: 954, Time: 00:10:01

Health: -2/41      AC: -1    Str:  8    XL:     8   Next: 7%
Magic:  6/26       EV: 13    Int: 26    God:    Sif Muna [****..]
Gold:   0          SH:  0    Dex: 15    Spells: 3/31 levels left

rFire    . . .     SeeInvis .   j - +2 dagger (drain)
rCold    . . .     Gourm    .   (no shield)
rNeg     . . .     Faith    .   a - +0 robe
rPois    .         Spirit   .   (no helmet)
rElec    .         Reflect  .   (no cloak)
rCorr    .         Harm     .   (no gloves)
MR       .....     NoTele   +   w - +0 pair of boots
Stlth    +++++.....             (no amulet)
Regen    0.2/turn               r - +3 ring of intelligence
MPRegen  0.2/turn               s - +3 ring of strength

@: corroded, very slightly contaminated, slowed, invisible, very slow
A: no striking features
a: Divine Energy, Channel Magic, Forget Spell, Renounce Religion


You were in the Dungeon.
You worshipped Sif Muna.
Sif Muna was greatly pleased with you.
You were not hungry.

You visited 1 branch

Inventory:

Hand Weapons
 j - a +2 dagger of draining (weapon)
Armour
 a - a +0 robe (worn)
 w - a +0 pair of boots (worn)
Jewellery
 r - a +3 ring of intelligence (left hand)
 s - a +3 ring of strength (right hand)
Scrolls
 i - a scroll of blinking
 l - 3 scrolls of remove curse
 m - 5 scrolls of amnesia
 n - a scroll of summoning
Potions
 d - 7 potions of curing
 e - 7 potions of heal wounds
 f - 2 potions of haste
 g - 3 potions of magic
 h - 4 potions of berserk rage
 k - a potion of invisibility
 t - a potion of agility
 u - a potion of might
 v - a potion of brilliance
Books
 b - a book of Callings

   Spells                             Type                      Level
   a - Summon Small Mammal            Summoning                    1
   b - Call Imp                       Summoning                    2
   c - Call Canine Familiar           Summoning                    3
   d - Summon Guardian Golem          Hexes/Summoning              3
   e - Summon Lightning Spire         Summoning/Air                4
   f - Summon Ice Beast               Ice/Summoning                4
 q - Dispater's Collected Works on the Entourage
   (Sif Muna gifted it to you in the Dungeon)

   Spells                             Type                      Level
   a - Summon Demon                   Summoning                    5
   b - Spellforged Servitor           Conjuration/Summoning        7
   c - Summon Greater Demon           Summoning                    7
   d - Dragon's Call                  Summoning                    9
Comestibles
 c - 8 bread rations
 o - 40 fruits
 p - 6 meat rations


   Skills:
 - Level 2.4 Dodging
 + Level 12.3 Stealth
 + Level 12.3 Spellcasting
 + Level 11.3 Summonings
 + Level 7.0 Invocations


You had 3 spell levels left.
You knew the following spells:

 Your Spells              Type           Power        Failure   Level  Hunger
b - Call Imp              Summ           ######..     1%          2    None
c - Call Canine Familiar  Summ           ######..     1%          3    None
d - Summon Guardian Gole  Hex/Summ       #####...     1%          3    None
e - Summon Lightning Spi  Summ/Air       #####...     3%          4    None
f - Summon Ice Beast      Ice/Summ       #####...     3%          4    None
g - Summon Demon          Summ           ######....   1%          5    ###....
h - Spellforged Servitor  Conj/Summ      #####.....   96%         7    ######.


Dungeon Overview and Level Annotations

Branches:
Dungeon (1/1)

Altars:
Ashenzari
Cheibriados
Dithmenos
Elyvilon
Fedhas
Gozag
Hepliaklqana
Kikubaaqudgha
Makhleb
Nemelex Xobeh
Okawaru
Qazlal
Ru
Sif Muna
Trog
Uskayaw
Vehumet
Xom
Yredelemnul
Zin
The Shining One
Beogh
Jiyva
Lugonu


Message History

The big kobold hits your neqoxec with a short sword.
The freezing wraith barely misses your neqoxec.
The freezing wraith hits your neqoxec!
The freezing wraith drains your neqoxec's vigour!
Your neqoxec seems to slow down.
Your neqoxec hits the freezing wraith but does no damage.
Unknown command.
You swap places.
The rust devil misses you. The elephant tramples your neqoxec!
Your neqoxec holds its ground!
Your neqoxec dies!
The freezing wraith closely misses you. The freezing wraith hits you.
The freezing wraith drains your vigour!
You feel yourself slow down. The big kobold barely misses you.
Your ynoxinul hits the elephant.
The big kobold hits you with a short sword.
The freezing wraith barely misses you. The freezing wraith hits you.
Your ynoxinul gestures.
The rust devil hits you!
* * * LOW HITPOINT WARNING * * *
The rust devil corrodes you! The elephant tramples you!
You die...

.#[[##................#
.#))#####+#####''######
##))##.......##''#
.#))##.......##..#
.#..##.......##..#
.#'###...<...##..# ##
....##.......##..#..###
....##.......##..#§...##
######.......##.@K.§...#
.#.. ##########Y4W5....+
.#)############.53.....#
.#)#....#..[[##..#....##
.#'#....#...[##5.#..###
.#)'....'..))##..####
.#'#....#.!))##..#
.'÷#....#..))##..#
##################


You could see an elephant, a rust devil, a freezing wraith, a big kobold, a
friendly ynoxinul and 3 friendly ufetubi.

Vanquished Creatures
  A deep elf mage (D)
  A floating eye (D)
  A gnoll (D)
  A leopard gecko (D)
  An orc (D)
  A bat (D)
  A rat (D)
7 creatures vanquished.

Vanquished Creatures (collateral kills)
  An orange demon (D)
  Grinder (D)
  A shadow (D)
  A fire bat (D)
  A floating eye (D)
  A necrophage (D)
  A crimson imp (D)
  A quasit (D)
  A hound (D)
  A gnoll (D)
  A worm (D)
  An orc (D)
  2 bat skeletons (D)
  A giant cockroach (D)
  2 quokkas (D)
  A goblin (D)
18 creatures vanquished.

Grand Total: 25 creatures vanquished

Notes
Turn   | Place    | Note
-------+----------+-------------------------------------------
     0 | D        | potatolord6000 the Deep Elf Summoner began the quest for the Orb.
     0 | D        | Reached XP level 1. HP: 10/10 MP: 6/6
    28 | D        | Found a bloodstained altar of Trog.
    28 | D        | Found a deep blue altar of Sif Muna.
    28 | D        | Found a viscous altar of Jiyva.
    28 | D        | Found a hazy altar of Hepliaklqana.
    28 | D        | Found an opulent altar of Gozag.
    56 | D        | Found a glowing golden altar of the Shining One.
    56 | D        | Found a glowing silver altar of Zin.
    56 | D        | Found a basalt altar of Yredelemnul.
    56 | D        | Found a shimmering altar of Xom.
    56 | D        | Found a sacrificial altar of Ru.
    56 | D        | Found a stormy altar of Qazlal.
    56 | D        | Found an iron altar of Okawaru.
    56 | D        | Found a sparkling altar of Nemelex Xobeh.
    56 | D        | Found a burning altar of Makhleb.
    56 | D        | Found a blossoming altar of Fedhas.
    56 | D        | Found a white marble altar of Elyvilon.
    56 | D        | Found a shadowy altar of Dithmenos.
    56 | D        | Found a snail-covered altar of Cheibriados.
    59 | D        | Found a corrupted altar of Lugonu.
    59 | D        | Found a radiant altar of Vehumet.
    59 | D        | Found a roughly hewn altar of Beogh.
    60 | D        | Found an ancient bone altar of Kikubaaqudgha.
    60 | D        | Found a hide-covered altar of Uskayaw.
    60 | D        | Found a shattered altar of Ashenzari.
    61 | D        | Became a worshipper of Sif Muna the Loreminder
    76 | D        | Noticed a floating eye
    82 | D        | Paralysed by a floating eye for 4 turns
    94 | D        | Killed a floating eye
    94 | D        | Reached * piety under Sif Muna
    94 | D        | Reached skill level 5 in Stealth
    94 | D        | Reached XP level 2. HP: 15/15 MP: 4/11
    94 | D        | Reached XP level 3. HP: 19/19 MP: 4/12
    98 | D        | Learned a level 2 spell: Call Imp
   102 | D        | Learned a level 3 spell: Call Canine Familiar
   106 | D        | Learned a level 3 spell: Summon Guardian Golem
   159 | D        | Noticed a floating eye
   161 | D        | Killed a floating eye
   161 | D        | Reached ** piety under Sif Muna
   161 | D        | Reached XP level 4. HP: 24/24 MP: 3/16
   161 | D        | Reached XP level 5. HP: 28/28 MP: 3/17
   174 | D        | Learned a level 4 spell: Summon Lightning Spire
   179 | D        | Learned a level 4 spell: Summon Ice Beast
   256 | D        | Noticed Grinder
   322 | D        | Killed Grinder
   322 | D        | Reached *** piety under Sif Muna
   403 | D        | Noticed a fire bat
   409 | D        | Reached XP level 6. HP: 27/32 MP: 9/20
   421 | D        | Reached skill level 1 in Invocations
   426 | D        | Killed a fire bat
   426 | D        | Reached skill level 10 in Stealth
   426 | D        | Reached skill level 10 in Spellcasting
   531 | D        | Noticed a deep elf mage
   534 | D        | Killed a deep elf mage
   534 | D        | Reached **** piety under Sif Muna
   534 | D        | Reached skill level 10 in Summonings
   534 | D        | Reached XP level 7. HP: 36/36 MP: 17/24
   547 | D        | Reached ***** piety under Sif Muna
   549 | D        | Identified Dispater's Collected Works on the Entourage (Sif Muna gifted it to you in the Dungeon)
   549 | D        | Received a gift from Sif Muna
   561 | D        | Learned a level 5 spell: Summon Demon
   563 | D        | Noticed an orange demon
   563 | D        | Noticed a shadow
   570 | D        | Killed a shadow
   573 | D        | Killed an orange demon
   573 | D        | Reached XP level 8. HP: 28/41 MP: 15/26
   876 | D        | Learned a level 7 spell: Spellforged Servitor
   945 | D        | Noticed a freezing wraith
   945 | D        | Noticed an elephant
   947 | D        | Noticed a rust devil
   954 | D        | Slain by an elephant

Skill      XL: |  1  2  3  4  5  6  7 |
---------------+----------------------+-----
Stealth        | 5 8 9 11 12 | 12.3
Spellcasting   | 6 8 9 11 12 | 12.3
Summonings     | 6 8 9 10 11 | 11.3
Invocations    | 6 7 |  7.0
Dodging        | |  2.4

Action                   |  1- 3 |  4- 6 |  7- 9 || total
-------------------------+-------+-------+-------++-------
Melee: Dagger            |     1 |     4 |     2 ||     7
 Cast: Summon Small Mamm |     9 |       |     1 ||    10
       Summon Guardian G |     1 |     3 |       ||     4
       Call Canine Famil |     1 |     1 |       ||     2
       Summon Ice Beast  |       |     6 |       ||     6
       Summon Lightning  |       |     3 |       ||     3
       Summon Demon      |       |       |     7 ||     7
Invok: Forget Spell      |       |       |     1 ||     1
  Use: Potion            |       |     2 |     1 ||     3
 Stab: Sleeping          |     1 |     4 |     2 ||     7
  Eat: Meat ration       |     1 |       |       ||     1
Armor: Robe              |     1 |       |       ||     1
Dodge: Dodged            |     1 |     3 |    10 ||    14
